 Dungeon Crawl Stone Soup version 0.27-a0-1147-gb3d8e82157 (webtiles) character file.

Game seed: 3685910054982999513

99 bilbop the Skirmisher (level 4, 0/45 HPs)
             Began as a Troll Fighter on May 12, 2021.
             Killed from afar by Sigmund (9 damage)
             ... with a puff of flame
             ... on level 2 of the Dungeon.
             The game lasted 00:07:51 (1206 turns).

bilbop the Skirmisher (Troll Fighter)               Turns: 1206, Time: 00:07:51

Health: 0/45       AC:  4    Str: 24    XL:     4   Next: 45%
Magic:  3/3        EV:  8    Int:  5    God:
Gold:   36         SH:  8    Dex:  9    Spells: 3/3 levels left

rFire    . . .     SeeInvis .     - Unarmed
rCold    . . .     Faith    .   b - +0 kite shield
rNeg     . . .     Spirit   .   a - +0 robe
rPois    .         Reflect  .   (helmet restricted)
rElec    .         Harm     .   (no cloak)
rCorr    .         Rampage  .   (gloves unavailable)
Will     .....                  (boots unavailable)
Stlth    +.........             (no amulet)
HPRegen  1.15/turn              (no ring)
MPRegen  0.08/turn              (no ring)

@: no status effects
A: large, unfitting armour, claws 3, regeneration 1, shaggy fur 1, tough skin 1
a: no special abilities


You were on level 2 of the Dungeon.
You visited 1 branch of the dungeon, and saw 2 of its levels.

You collected 36 gold pieces.

Inventory:

Hand Weapons
 g - a +1 dagger of venom
 j - a +0 hunting sling
Missiles
 k - 3 stones (quivered)
Armour
 a - a +0 robe (worn)
 b - a +0 kite shield (worn)
Scrolls
 d - 2 scrolls of identify {unknown}
 i - a scroll of magic mapping {unknown}
 m - a scroll of noise {unknown}
Potions
 c - 2 potions of might
 e - a potion of brilliance {unknown}
 f - a potion of attraction {unknown}
 h - a potion of mutation {unknown}
 l - a potion of ambrosia {unknown}


   Skills:
 * Level 3.2 Fighting
 + Level 1.1 Armour
 - Level 2.4 Dodging
 + Level 2.8 Shields
 * Level 3.1 Unarmed Combat


You had 3 spell levels left.
You didn't know any spells.
Your spell library contained the following spells:

 Spells                   Type           Power      Damage    Failure   Level
 Confusing Touch          Hex            0%         N/A       99%         3
 Gell's Gravitas          Tloc           0%         N/A       99%         3
 Petrify                  Tmut/Erth      0%         N/A       100%        4
 Metabolic Englaciation   Hex/Ice        0%         N/A       100%        5
 Yara's Violent Unravell  Hex/Tmut       0%         3d3       100%        5


Dungeon Overview and Level Annotations

Branches:
Dungeon (2/15)

Altars:

Annotations:
D:2 Sigmund


Innate Abilities, Weirdness & Mutations

You are too large for most types of armour.
You have claws for hands.
Your natural rate of healing is unusually fast.
You are covered in fur. (AC +1)
You have tough skin. (AC +1)


Message History

You kill Terence!
Your Unarmed Combat skill increases to level 3!
You claw the endoplasm!
You kill the endoplasm!
You claw the rat!
You kill the rat!
You start resting.
HP restored.
l - a bubbling inky potion
Items here: )) [ †††.
Okay, then.
m - a scroll labelled OKKILL NAP WAN
Found a stone staircase leading down.
There is a stone staircase leading down here.
Sigmund the Dreaded comes into view.
He is wielding a +0 scythe.
Sigmund shouts!
Sigmund points at himself and mumbles some strange words.
Sigmund flickers and vanishes!
Deactivating autopickup; reactivate with Ctrl-A.
Something hits you!
You hear some strange, mumbled words.
A puff of flame appears from out of thin air!
You block the puff of flame.
You closely miss something. Something hits you!
You barely miss something. You block something's attack.
You miss something. Something hits you.
You miss something.
You hear some strange, mumbled words.
You are confused.
You closely miss something. Something hits you! Something hits you.
* * * LOW HITPOINT WARNING * * *
You're too confused to move!
Something hits you!
* * * LOW HITPOINT WARNING * * *
You bump into the rock wall.
Something hits you.
* * * LOW HITPOINT WARNING * * *
Something hits you but does no damage.
You feel less confused.
A puff of flame appears from out of thin air!
The puff of flame hits you!
You die...

..# #.######..#..##
..##########.#####..##.##########
.....>.....................<...).
.....####.#####....##############
..##..###.# #...## ..###..##.#
###..## ### ##..#.###....#
##...##..##.# #.........@####
##.##.###....{######## #.##.#
##.##........#
########.#..####)#########..
.....#.....##..†...#
............#......#
...................#
...................#
...................#


There were no monsters in sight!

Vanquished Creatures
  Terence (D:2)
  Robin (D:2)
  An adder (D:2)
  6 ball pythons
  A bat (D:1)
  3 endoplasms
  2 giant cockroaches (D:1)
  11 goblins
  6 hobgoblins
  2 jackals (D:2)
  9 kobolds
  3 frilled lizards (D:1)
  4 rats
50 creatures vanquished.

Notes
Turn   | Place    | Note
-------+----------+-------------------------------------------
     0 | D:1      | bilbop the Troll Fighter began the quest for the Orb.
     0 | D:1      | Reached XP level 1. HP: 22/22 MP: 0/0
    67 | D:1      | Found a faded altar of an unknown god.
    92 | D:1      | Reached XP level 2. HP: 29/29 MP: 1/1
   851 | D:2      | Reached XP level 3. HP: 32/36 MP: 2/2
   873 | D:2      | Identified the +2 helmet of the Monkey {-Cast Regen+ Str+6}
   873 | D:2      | Noticed Robin
  1041 | D:2      | Killed Robin
  1049 | D:1      | Reached skill level 1 in Armour
  1092 | D:2      | Noticed Terence
  1101 | D:2      | Reached XP level 4. HP: 44/45 MP: 3/3
  1113 | D:2      | Killed Terence
  1190 | D:2      | Noticed Sigmund
  1206 | D:2      | Killed from afar by Sigmund

Illustrated notes

Levels and vault maps discovered:
D:1:      minmay_arrival_loop, layout_basic, hellmonk_ecumenical_altar_lost_god
D:2:      layout_rooms, uniq_robin, uniq_terence, uniq_sigmund

Skill      XL: |  1  2  3  4 |
---------------+-------------+-----
Fighting       | 3 |  3.2
Armour         | 1 |  1.1
Unarmed Combat | 3 |  3.1
Dodging        | |  2.4
Shields        | |  2.8

Action                   |  1- 3 |  4- 6 || total
-------------------------+-------+-------++-------
Melee: Unarmed           |   100 |    18 ||   118
Armor: Robe              |    40 |     3 ||    43
Dodge: Dodged            |    42 |     2 ||    44
Block: Kite shield       |    64 |     5 ||    69

Table legend: (Time is in decaauts)
 A = Elapsed time spent in this place.
 B = Non-inter-level travel time spent in this place.
 C = Inter-level travel time spent in this place.
 D = Time resting spent in this place.
 E = Time spent auto-exploring this place.
 F = Levels seen in this place.
 G = Mean time per level.
                   A        B        C        D        E       F      G
               +--------+--------+--------+--------+--------+-----+--------+
         Total |   1226 |   1117 |    109 |     37 |    776 |   2 |  613.0 |
       Dungeon |   1226 |   1117 |    109 |     37 |    776 |   2 |  613.0 |
               +--------+--------+--------+--------+--------+-----+--------+

Top non-repeatable levels by time:
     D:1: 936 daAuts
     D:2: 290 daAuts
